 Dungeon Crawl Stone Soup version 0.17.2-1-ge4368a0 (webtiles) character file.

3048 rlgrobin the Martial Artist (level 9, -4/74 HPs)
             Began as a Mummy Monk on Apr 19, 2017.
             Slain by a sky beast (6 damage)
             ... on level 5 of the Dungeon.
             The game lasted 00:38:08 (25828 turns).

rlgrobin the Martial Artist (Mummy Monk)           Turns: 25828, Time: 00:38:08

Health: -4/74      AC:  3    Str: 15      XL:     9   Next: 57%
Magic:  9/9        EV: 14    Int:  9      God:
Gold:   364        SH:  0    Dex: 13 (17) Spells: 0 memorised, 8 levels left

rFire  + . .     SeeInvis .       - Unarmed
rCold  + . .     Clarity  .     (no armour)
rNeg   + + +     SustAt   .     (no shield)
rPois  ∞         Gourm    .     (no helmet)
rElec  .         Spirit   .     o - +0 cloak
rCorr  .         Warding  .     n - +1 pair of gloves
rMut   .         Stasis   .     (no boots)
MR     +....                    (no amulet)
Stlth  ++........               a - ring of protection from fire
                                g - ring of protection from fire

@: somewhat resistant to hostile enchantments, unstealthy
A: no food or potions, fire vulnerability, cold resistance 1, negative energy
resistance 3, torment resistance, unbreathing
a: no special abilities


You were on level 5 of the Dungeon.
You were not hungry.

You visited 2 branches of the dungeon, and saw 9 of its levels.

You collected 364 gold pieces.


Innate Abilities, Weirdness & Mutations

You do not eat or drink.
Your flesh is vulnerable to fire.
You are immune to poison.
Your flesh is cold resistant.
You are immune to negative energy.
You are immune to unholy pain and torment.
You can survive without breathing.


   Skills:
 - Level 8.0 Fighting
 - Level 5.6 Dodging
 - Level 1.5 Stealth
 + Level 2.6 Shields
 - Level 8.1 Unarmed Combat


You had 8 spell levels left.
You didn't know any spells.

Inventory:

Hand Weapons
 h - the +3 rapier of the Mind (quivered) {pierce, Dex+2, unknown}

   It inflicts extra damage upon your enemies.
   It affects your dexterity (+2).
Armour
 m - a +0 hat
 n - a +1 pair of gloves (worn)
 o - a +0 cloak (worn)
 s - a +0 shield
 x - a cursed +0 shield
Jewellery
 a - a ring of protection from fire (right hand)
 g - a ring of protection from fire (left hand)
 k - an uncursed ring of stealth
 v - an uncursed amulet of resist corrosion {unknown}
Scrolls
 b - a scroll of immolation {!r}
 c - 2 scrolls of noise {!r}
 e - a scroll of magic mapping
 l - 2 scrolls of enchant weapon
 q - a scroll of torment
 t - 2 scrolls of teleportation {@r4}

Dungeon Overview and Level Annotations

Branches:
Dungeon (8/15)             Temple (1/1) D:4
   Lair: D:8-11

Altars:
Cheibriados
Dithmenos
Elyvilon
Fedhas
Gozag
Kikubaaqudgha
Makhleb
Nemelex Xobeh
Okawaru
Qazlal
Ru
Sif Muna
Trog
Xom
Yredelemnul
Zin
The Shining One

Shops:
D:6 =

Annotations:
D:1 exclusion: downstairs
D:2 Detention Dimension For FreeXP
D:3 exclusion: upstairs
D:7 WarGlaive And Foul Pestilence, exclusions: hippogriff and orc wizard
D:8 Pikel
Temple Water

▒.....▒▒...▒▒.....▒▒...▒....'...
▒..........▒......▒▒..▒▒...▒▒...
▒..........▒......▒▒..▒▒▒▒▒▒▒...
▒.....▒▒▒▒'▒▒▒....▒▒.......▒)...
▒.....▒▒...▒▒▒....▒▒.......)O{<.
▒▒▒▒▒▒▒▒....▒..o..▒▒..▒▒...▒▒▒▒▒
▒.....'.....'.....▒▒▒▒▒▒...▒▒...
▒.....▒.....▒...Y.'.............
▒.....▒.....▒..M..▒.............
▒..▒▒.▒▒..▒▒▒▒..▒▒▒▒..▒▒▒..▒▒▒..
▒..▒▒.▒▒..▒▒▒▒..▒▒▒▒..▒▒▒▒▒▒▒▒..
▒............................▒..
▒............................▒..
▒............................▒..
▒▒▒▒▒▒▒▒▒▒▒▒▒▒▒▒▒▒▒▒▒▒▒▒▒▒▒▒▒▒▒▒


You could see an orc warrior and a sky beast.


Message History

You take 21 damage, and have 53/74 hp!
MASSIVE DAMAGE!!!!!!
Unknown command!
Unknown command!
Unknown command!
The giant frog skeleton misses you!
The orc warrior hits you with a glaive!!!
The giant frog skeleton barely misses you!
You climb upwards!
There is a stone staircase leading down here!
You take 11 damage, and have 42/74 hp!
The orc warrior hits you from afar with a glaive!!!!!! * * * don't die
* * * You take 25 damage, and have 17/74 hp!
MASSIVE DAMAGE!!!!!!
A jackal comes into view!
You squash the sky beast like an ant!!!
The sky beast is heavily wounded!
The sky beast hits you! * * * don't die
* * * The sky beast shocks you! * * * don't die
* * * You take 6 damage, and have 13/74 hp!
The sky beast hits you! * * * don't die
* * * The sky beast shocks you! * * * don't die
* * * You take 6 damage, and have 7/74 hp!
The sky beast hits you! * * * don't die
* * * The sky beast shocks you! rip

Action                   |  1- 3 |  4- 6 |  7- 9 || total
-------------------------+-------+-------+-------++-------
Melee: Unarmed           |   167 |   374 |   678 ||  1219
  Use: Scroll            |       |     4 |    13 ||    17
 Stab: Sleeping          |     6 |     7 |     3 ||    16
       Distracted        |       |     2 |       ||     2

Vault maps used:
D:1:      minmay_arrival_radiant_lines
D:2:      bloody_trog
D:3:      kennysheep_generic_room_15
D:4:      lemuel_doored_altar, kennysheep_mini, nicolae_qazlal_eye_of_the_storm,
          old_standard_altar, minmay_temple_entry_hall, first_bread
D:5:      lemuel_round_altar, uniq_menkaure
D:6:      elyvilon_altar_1, overflow_temple_1_default, serial_shops, shop,
          minmay_misc_feat_nine_boxes
D:7:      grunt_temple_overflow_holy_war
D:8:      nicolae_overflow_hidden_temple, nicolae_overflow_crystal_walls,
          dpeg_oklobed_lair, serial_shops, shop, basic_altar,
          blue_anna_alchemist, uniq_erica, uniq_pikel
Temple:   temple_island_7

Notes
Turn   | Place    | Note
--------------------------------------------------------------
     0 | D:1      | rlgrobin the Mummy Monk began the quest for the Orb.
     0 | D:1      | Reached XP level 1. HP: 18/18 MP: 1/1
   277 | D:1      | Reached XP level 2. HP: 21/24 MP: 2/2
   745 | D:1      | Reached skill level 4 in Unarmed Combat
   827 | D:2      | Reached XP level 3. HP: 27/29 MP: 3/3
  1559 | D:2      | Found a bloodstained altar of Trog.
  2954 | D:1      | Reached XP level 4. HP: 35/35 MP: 4/4
  3312 | D:4      | Got a dazzling rapier
  3325 | D:4      | Found a stormy altar of Qazlal.
  3423 | D:4      | Found a blossoming altar of Fedhas.
  3478 | D:4      | Found a staircase to the Ecumenical Temple.
  3490 | Temple   | Entered the Ecumenical Temple
  4526 | D:3      | Reached skill level 5 in Unarmed Combat
  5789 | D:4      | Noticed a phantom
  5893 | D:4      | Found a glowing silver altar of Zin.
  5924 | D:4      | Found a burning altar of Makhleb.
  6710 | D:2      | Reached skill level 4 in Fighting
  6710 | D:2      | Reached XP level 5. HP: 22/42 MP: 5/5
  8013 | D:2      | Reached skill level 5 in Fighting
  8034 | D:1      | Reached XP level 6. HP: 51/51 MP: 6/6
  8383 | D:4      | Reached skill level 3 in Dodging
  8799 | D:5      | Entered Level 5 of the Dungeon
  8846 | D:5      | Found a sparkling altar of Nemelex Xobeh.
  9894 | D:5      | Noticed Menkaure
 10059 | D:4      | Reached skill level 6 in Fighting
 10059 | D:4      | Reached XP level 7. HP: 42/58 MP: 7/7
 10298 | D:5      | Killed Menkaure
 10399 | D:5      | Reached skill level 6 in Unarmed Combat
 10723 | D:5      | Reached skill level 4 in Dodging
 10959 | D:5      | Reached XP level 8. HP: 14/64 MP: 8/8
 11471 | Temple   | Killed a phantom
 12621 | D:6      | Found a white marble altar of Elyvilon.
 12678 | D:6      | Found Fuang's Jewellery Emporium.
 12682 | D:6      | Neat
 13202 | D:6      | Reached skill level 7 in Unarmed Combat
 13909 | D:6      | Found an ancient bone altar of Kikubaaqudgha.
 14321 | D:6      | Reached skill level 8 in Unarmed Combat
 14430 | D:6      | Hang in there!
 15244 | D:7      | Reached XP level 9. HP: 60/71 MP: 9/9
 16224 | Temple   | Reached skill level 7 in Fighting
 16603 | D:7      | Reached skill level 5 in Dodging
 16866 | D:7      | Found a basalt altar of Yredelemnul.
 16868 | D:7      | Noticed a profane servitor
 16974 | D:7      | Found a glowing golden altar of the Shining One.
 17314 | D:7      | oh for fuck's sake
 17335 | D:7      | oh
 17335 | D:7      | You know this already anyway
 17760 | D:8      | Reached skill level 8 in Fighting
 17812 | D:8      | Noticed Pikel
 18184 | D:8      | Reached skill level 1 in Shields
 18475 | D:6      | Reached skill level 2 in Shields
 18728 | D:5      | Noticed a two-headed ogre
 19108 | D:1      | why are you watching this
 19108 | D:1      | you know I'm bad
 19120 | D:1      | stop
 22968 | D:1      | Noticed a yaktaur
 25272 | D:1      | Noticed a flayed ghost
 25826 | D:5      | HP: 7/74 [sky beast (5)]
 25828 | D:5      | HP: 2/74 [sky beast (5)]
 25828 | D:5      | Slain by a sky beast

Vanquished Creatures
  Menkaure (D:5)
  An orc warrior (Temple)
  An ice beast (D:6)
  2 slaves
  2 sky beasts
  3 phantoms
  2 centaurs
  An ogre (D:4)
  3 giant frogs
  A big kobold (D:7)
  A wyvern zombie (D:6)
  A water moccasin zombie (D:6)
  5 wights (D:6)
  A killer bee (D:6)
  3 scorpions
  3 crimson imps
  2 hounds
  2 quasits
  A centaur zombie (D:5)
  2 orc priests
  A giant frog zombie (D:5)
  3 jellies
  A centaur skeleton (D:4)
  8 orc wizards
  8 worker ants
  An iguana (D:5)
  A hound zombie (D:5)
  A hound skeleton (D:7)
  12 adders
  2 shadow imps
  4 oozes
  3 worms (D:2)
  An adder skeleton (D:5)
  6 giant geckos
  35 orcs
  2 ball pythons
  12 bats
  9 giant cockroaches
  12 goblins
  16 hobgoblins
  6 jackals (D:1)
  2 quokkas
  4 giant newts
  20 kobolds
  16 rats
224 creatures vanquished.
